Map: Port Aleksander LE

Players

SparkleHands

  • Race: Terran Terran
  • League: Platinum
  • Spawn Location: 11:00

GridiroN - Winner!

  • Race: Protoss Protoss
  • League: Platinum
  • Spawn Location: 5:00

VOD

Have the link to the VOD?

Description

Time

  • Played on: April 30, 2019, 7:57 p.m.
  • Length: 11:36
Show
View Real Time Build Order
Export as new Build Order

SparkleHands Terran 

Build Orders: Mech, Banshee Rush 

Get SALT Encoding   

  12  0:01  SCV  
  13  0:13  SCV  
  14  0:21  Supply Depot  
  14  0:25  SCV  
  15  0:34  Refinery  
  15  0:42  SCV  
  16  0:46  Barracks  
  16  0:54  SCV  
  17  0:57  Refinery  
  17  1:06  SCV  
  18  1:23  SCV  
  19  1:33  Reaper  
  19  1:35  Orbital Command  
  20  1:41  Factory  
  20  2:01  SCV  
  21  2:07  Barracks Reactor  
  21  2:08  Supply Depot  
  21  2:16  SCV  
  22  2:28  SCV  
  23  2:33  Starport  
  23  2:55  Barracks Tech Lab  
  23  2:57  SCV  
  23  3:01  Command Center  
  23  3:06  Hellion x2  
  27  3:22  Barracks Tech Lab  
  27  3:23  Factory  
  27  3:32  Banshee  
  30  3:35  Cloaking Field  
  30  3:38  SCV  
  27  4:10  Hellion x2  
  27  4:13  SCV  
  27  4:14  SCV  
  29  4:23  Cyclone  
  32  4:25  SCV  
  32  4:29  Orbital Command  
  32  4:31  Supply Depot  
  33  4:38  SCV  
  34  4:50  SCV  
  35  4:57  SCV  
  35  5:03  Hellion x2  
  35  5:05  Banshee  
  42  5:08  Factory  
  42  5:10  Supply Depot  
  42  5:14  SCV  
  43  5:26  SCV x2  
  45  5:32  Supply Depot  
  45  5:36  Hellion  
  45  5:37  Hellion  
  45  5:38  SCV x2, Cyclone  
  54  5:47  Infernal Pre-Igniter  
  54  5:50  SCV  
  54  5:51  SCV  
  54  5:54  Factory Tech Lab  
  54  5:57  Supply Depot  
  56  6:09  Supply Depot  
  56  6:10  SCV x2  
  58  6:13  Refinery  
  58  6:22  SCV x2  
  54  7:03  SCV x2  
  54  7:04  Hellion x2  
  54  7:05  Hellion x2  
  54  7:06  Banshee  
  67  7:15  SCV  
  68  7:26  Cyclone x2  
  74  7:30  Supply Depot  
  74  7:32  SCV x2  
  80  7:37  Hellion x2, Mag-Field Accelerator  
  80  7:42  Armory  
  80  7:44  SCV  
  80  7:45  Liberator  
  80  7:46  SCV  
  82  7:52  Refinery  
  82  7:56  SCV  
  82  7:58  Hellion x2, Siege Tank, Cyclone  
  94  8:22  Command Center  
  94  8:23  Supply Depot  
  94  8:27  Supply Depot  
  94  8:44  SCV x2, Hellion, Cyclone  
  99  8:56  SCV x2  
  99  8:58  Hellion, Supply Depot  
  99  8:59  Cyclone  
  99  9:02  Terran Vehicle And Ship Armor Level 1  
  106  9:07  Starport  
  106  9:08  SCV x2  
  105  9:16  Siege Tank  
  108  9:20  SCV x2  
  104  9:30  Hellion  
  104  9:31  Hellion, Cyclone  
  107  9:33  SCV  
  107  9:37  Supply Depot  
  108  9:45  Starport Reactor  
  108  9:46  Command Center  
  108  9:47  Viking  
  108  9:48  Cyclone  
  108  9:52  Hellion  
  115  10:00  Hellion  
  115  10:03  Starport, Refinery, Cyclone  
  120  10:07  Refinery  
  120  10:13  Orbital Command, Hellion  
  122  10:15  SCV x2  
  122  10:17  Viking  
  122  10:20  Cyclone  
  129  10:22  Supply Depot  
  129  10:27  SCV x2  
  114  10:35  Cyclone  
  114  10:39  SCV x2  
  100  10:51  SCV x2  
  102  11:01  SCV  
  102  11:03  Hellion x2, SCV x2, Cyclone  
  102  11:04  Starport Reactor, Viking x2  
  109  11:06  Factory  
  106  11:13  SCV  
Show
View Real Time Build Order
Export as new Build Order

GridiroN Protoss - Winner!

Build Orders:  

Get SALT Encoding   

  12  0:00  Probe  
  13  0:13  Probe  
  14  0:22  Pylon  
  14  0:25  Probe  
  15  0:38  Probe  
  16  0:44  Gateway  
  16  0:46  Probe  
  16  0:55  Probe  
  17  1:02  Gateway  
  18  1:06  Probe  
  18  1:08  Assimilator  
  19  1:14  Probe  
  20  1:22  Probe  
  21  1:34  Cybernetics Core, Probe  
  21  1:38  Assimilator  
  22  1:46  Probe  
  23  2:02  Pylon  
  23  2:20  Adept, Probe  
  26  2:24  Adept  
  26  2:28  Nexus  
  28  2:49  Warp Gate, Probe  
  29  3:01  Probe  
  30  3:12  Pylon  
  30  3:13  Probe  
  31  3:27  Robotics Facility  
  31  3:30  Adept x2, Probe  
  36  3:43  Probe  
  37  3:58  Probe x2  
  39  4:10  Probe x2  
  39  4:15  Gateway, Observer  
  42  4:17  Gateway  
  42  4:22  Probe x2  
  40  4:25  Pylon  
  40  4:31  Pylon  
  40  4:35  Probe x2  
  42  4:39  Stalker x2  
  46  4:58  Shield Battery x2  
  44  5:00  Immortal  
  44  5:02  Shield Battery  
  44  5:07  Twilight Council  
  44  5:09  Pylon  
  48  5:15  Stalker x3  
  48  5:18  Probe  
  55  5:34  Probe x2, Assimilator  
  57  5:36  Assimilator  
  57  5:43  Immortal, Robotics Facility  
  61  5:57  Probe  
  61  5:58  Probe  
  61  6:00  Stalker x2  
  61  6:01  Stalker  
  69  6:10  Gateway  
  69  6:13  Probe x2  
  69  6:14  Resonating Glaives  
  71  6:25  Probe x2  
  73  6:30  Robotics Bay  
  73  6:49  Probe x2  
  75  6:58  Adept  
  77  7:03  Pylon  
  77  7:08  Pylon  
  77  7:10  Nexus, Pylon  
  77  7:12  Extended Thermal Lance  
  77  7:13  Pylon  
  77  7:14  Pylon  
  77  7:16  Pylon  
  77  7:19  Dark Shrine  
  76  7:37  Adept x4  
  76  7:38  Adept  
  86  7:44  Colossus  
  86  7:48  Probe x2  
  94  8:00  Probe x2  
  94  8:02  Colossus  
  96  8:14  Forge  
  96  8:15  Forge  
  96  8:19  Probe x2  
  104  8:29  Pylon  
  104  8:31  Probe x2  
  106  8:40  Pylon  
  106  8:43  Probe  
  106  8:47  Gateway, Probe x2  
  109  8:53  Gateway  
  109  8:54  Adept x2  
  109  8:55  Adept x2  
  117  8:56  Probe  
  117  9:01  Colossus  
  124  9:07  Protoss Ground Weapons Level 1, Protoss Ground Armor Level 1  
  124  9:08  Probe x2  
  124  9:09  Assimilator  
  126  9:32  Adept x3  
  126  9:33  Adept x2  
  136  9:40  Assimilator, Photon Cannon  
  136  9:44  Pylon  
  136  9:45  Photon Cannon  
  136  9:47  Probe x3  
  136  9:49  Adept x2  
  143  9:53  Colossus  
  149  10:05  Pylon  
  149  10:07  Dark Templar x3  
  149  10:09  Dark Templar  
  157  10:14  Observer  
  149  10:33  Observer  
  150  10:42  Dark Templar x4  
  156  10:47  Observer  
  151  11:11  Probe x3  
  146  11:21  Dark Templar  
  146  11:22  Dark Templar x5  
  146  11:23  Probe x2  
Tags
 
Composition
Mech
Matchup
PvT
Spawn Locations
Cross Positions
Strategy
Banshee Rush
Add a new tag
Caveats
  • Supply blocks, unpowered buildings, or Contaminate may cause inaccurate times.
  • Supply counts are checked every 10 seconds.